 Dungeon Crawl Stone Soup version 0.32-a0-818-gb728d0252e (webtiles) character file.

Game seed: 3868834390869584840

7522 shadizar the Fighter (level 11, -19/77 (84) HPs)
             Began as a Djinni Conjurer on Mar 24, 2024.
             Was a Follower of Makhleb.
             Killed from afar by Josephine (22 damage)
             ... with a ghostly fireball
             ... on level 11 of the Dungeon.
             The game lasted 00:15:38 (10472 turns).

shadizar the Fighter (Djinni Conjurer)             Turns: 10472, Time: 00:15:38

HP:   -19/77 (84)   AC: 12    Str:  6    XL:     11   Next: 38%
Gold: 615           EV: 11    Int: 29    God:    Makhleb [*.....] SH:  6 Dex: 22

rFire   + + +        (no weapon)
rCold   x . .        l - +0 buckler
rNeg    . . .        s - +4 ring mail "Byff" {rF+ Dex+3 SInv}
rPois   ∞            (no helmet)
rElec   +            h - +0 cloak "Acuip" {rElec MP+9}
rCorr   .            C - +0 pair of gloves
SInv    +            (boots unavailable)
Will    +....        (no amulet)
Stlth   +++          o - +6 ring of dexterity
HPRegen 0.32/turn    y - +6 ring of intelligence
MPRegen 0.00/turn

%: infuse magic (-20 HP)
@: flying, hasted, drained, very quick
A: sickness immunity, fire resistance 2, cold vulnerability 1, float, innate
caster, HP casting, extra vitality 1
a: Renounce Religion


You were on level 11 of the Dungeon.
You worshipped Makhleb.
Makhleb was aware of your devotion.
You visited 2 branches of the dungeon, and saw 12 of its levels.

You collected 615 gold pieces.

Inventory:

Armour
 c - +0 acid dragon scales
 h - the +0 cloak "Acuip" (worn) {rElec MP+9}
   (You acquired it on level 10 of the Dungeon)

   rElec:     It insulates you from electricity.
   MP+9:      It affects your magic capacity (+9).
 l - a +0 buckler (worn)
 s - the +4 ring mail "Byff" (worn) {rF+ Dex+3 SInv}
   (You found it on level 10 of the Dungeon)

   Dex+3:     It affects your dexterity (+3).
   rF+:       It protects you from fire.
   SInv:      It lets you see invisible.
 A - the +1 robe of the Arcane {rC+ Int+3}
   (You found it on level 9 of the Dungeon)

   Int+3:     It affects your intelligence (+3).
   rC+:       It protects you from cold.
 C - a +0 pair of gloves (worn)
Jewellery
 o - a +6 ring of dexterity (left hand)
 u - a +6 ring of strength
 y - a +6 ring of intelligence (right hand)
Wands
 q - a wand of flame (17)
 r - a wand of paralysis (7)
Scrolls
 a - 2 scrolls of identify
 d - 2 scrolls of immolation
 e - 7 scrolls of teleportation
 g - 4 scrolls of fog
 i - 2 scrolls of vulnerability
 k - 2 scrolls of enchant weapon
 v - 2 scrolls of fear
Potions
 b - 4 potions of brilliance
 f - a potion of enlightenment {unknown}
 j - 3 potions of mutation {unknown}
 n - 3 potions of lignification
 p - a potion of heal wounds {unknown}
 w - a potion of curing {unknown}
 x - a potion of resistance {unknown}
 z - 2 potions of cancellation {unknown}
 B - a potion of degeneration {unknown}
 D - a potion of berserk rage {unknown}


   Skills:
 + Level 9.3 Fighting
 + Level 5.1 Armour
 + Level 6.4 Dodging
 + Level 5.2 Stealth
 - Level 4.1 Shields
 + Level 8.3 Spellcasting
 + Level 8.3 Conjurations
 + Level 8.3 Hexes
   Level 0.0 Charms
 + Level 8.3 Summonings
 + Level 8.3 Necromancy
 + Level 8.3 Translocations
   Level 0.0 Transmutations
 + Level 8.3 Fire Magic
 + Level 8.3 Ice Magic
 + Level 8.3 Air Magic
 + Level 8.3 Earth Magic
 + Level 8.3 Alchemy


You knew the following spells:

 Your Spells              Type           Power      Damage    Failure   Level
a - Magic Dart            Conj           100%       1d8       1%          1
b - Searing Ray           Conj           100%       2d8       1%          2
c - Fulminant Prism       Conj/Alch      28%        3d13      9%          4
d - Iskenderun's Mystic   Conj/Tloc      57%        2d12      9%          4
e - Sandblast             Erth           100%       2d20      1%          1
f - Mercury Vapours       Alch/Air       100%       N/A       1%          2
g - Passwall              Erth           57%        N/A       2%          3
h - Inner Flame           Hex/Fire       57%        N/A       2%          3
i - Olgreb's Toxic Radia  Alch           57%        N/A       9%          4
Your spell library was empty.

Dungeon Overview and Level Annotations

Branches:
Dungeon (11/15)            Temple (1/1) D:5             Orc (0/2) D:9
   Lair: D:8-11

Altars:
Ashenzari
Cheibriados
Dithmenos
Elyvilon
Fedhas
Gozag
Hepliaklqana
Makhleb
Nemelex Xobeh
Okawaru
Qazlal
Ru
Trog
Uskayaw
Wu Jian
Xom
Yredelemnul
Zin
The Shining One

Shops:
D:2 :!:*   D:6 ?

Portals:
Trove: D:11 (give +4 demon whip)

Annotations:
D:1 1 transporter
D:11 Josephine


Innate Abilities, Weirdness & Mutations

You are immune to sickness and miasma.
You are immune to poison.
Your flesh is very heat resistant. (rF++)
You are vulnerable to cold. (rC-)
You float through the air rather than walking.
You learn spells naturally, not from books.
Your magical power is your life essence.
You have superior vitality. (+4 MHP)


Message History

You kill the orc!
Makhleb accepts your kill.
The blast of energy engulfs the orc wizard!!
You kill the orc wizard!
Makhleb accepts your kill.
You feel better.
The blast of energy engulfs the orc priest!
The orc priest is heavily wounded.
Unknown command.
Unknown command.
Unknown command.
Unknown command.
Unknown command.
Unknown command.
Unknown command.
Casting: Fulminant Prism (dangerous; 9% risk of failure)
Confirm with . or Enter, or press ? or * to list all spells.
Aiming: Fulminant Prism (dangerous; 9% risk of failure)
Press: ? - help, Dir - move target, f - cyclops
Aim: a cyclops, quivering large rocks (almost dead)
Okay, then.
Casting: Fulminant Prism (dangerous; 9% risk of failure)
Confirm with . or Enter, or press ? or * to list all spells.
Aiming: Fulminant Prism (dangerous; 9% risk of failure)
Press: ? - help, Dir - move target You conjure a prism of explosive energy!
* * * LOW HITPOINT WARNING * * *
A fulminant prism comes into view.
The cyclops hits your fulminant prism! Something hits your fulminant prism!
Your fulminant prism detonates feebly.
The cyclops throws a large rock.
The large rock closely misses you.
You feel yourself speed up. Josephine casts a spell at you.
The ghostly flame explodes!
The ghostly fireball engulfs you!!
You feel drained.
* * * LOW HITPOINT WARNING * * *
Josephine gestures at you while chanting.
The ghostly flame explodes!
The ghostly fireball engulfs you!!
You feel drained.
You die...

......##..'[......#
+...... .....
####....>..+
#...... ....
#..)....# #......
... ##'######
#...... .. #.##
###+### # #..#
##.## #..#
.######@###### .
.............#


o.o .#..........@#.)).. #...........Co# #...........### #...........#
#...........# ##..........# ############ You could see Josephine, a cyclops and
an orc priest.

Vanquished Creatures
  3 two-headed ogres
  Grinder (D:3)
  A shadow (D:10)
  A vampire (D:10)
  2 wraiths
  11 yaks
  A steam dragon (D:8)
  2 water moccasins
  3 acid dragons
  5 orc warriors
  An ice beast (D:6)
  A sky beast (D:6)
  A black bear (D:5)
  An ogre (D:4)
  A centaur (D:11)
  2 kobold brigands
  2 phantoms
  4 bullfrogs
  2 gnoll sergeants (D:10)
  A scorpion (D:5)
  5 wights (D:7)
  3 bombardier beetles
  3 hounds
  An orc priest (D:7)
  2 sleepcaps
  Jessica (D:3)
  Terence (D:2)
  4 iguanas
  7 orc wizards
  4 adders
  8 gnolls
  A white imp (D:7)
  4 ufetubi
  A dart slug (D:2)
  A ribbon worm (D:3)
  37 orcs
  8 ball pythons
  11 endoplasms
  2 giant cockroaches (D:1)
  3 goblins
  8 hobgoblins
  4 quokkas
  A bat (D:3)
  3 frilled lizards
  20 kobolds
  2 rats
191 creatures vanquished.

Vanquished Creatures (others)
  30 fulminant prisms
30 creatures vanquished.

Grand Total: 221 creatures vanquished

Notes
Turn   | Place    | Note
-------+----------+-------------------------------------------
     0 | D:1      | shadizar the Djinni Conjurer began the quest for the Orb.
     0 | D:1      | shadizar set off with the following spells memorised: Magic
                  | Dart, Searing Ray, Fulminant Prism, Iskenderun's Mystic
                  | Blast.
     0 | D:1      | Reached XP level 1. HP: 15/15 MP: 0/0
   228 | D:1      | Reached XP level 2. HP: 15/21 MP: 0/0
   838 | D:1      | Reached XP level 3. HP: 22/25 MP: 0/0
   838 | D:1      | Learned a level 1 spell: Sandblast
  1170 | D:2      | Reached XP level 4. HP: 12/31 MP: 0/0
  1304 | D:2      | Found Yfett's General Store.
  1408 | D:2      | Found Waan's Book Shop.
  1440 | D:2      | Noticed Terence
  1456 | D:2      | Killed Terence
  1457 | D:2      | Reached XP level 5. HP: 2/35 MP: 0/0
  1457 | D:2      | Learned a level 2 spell: Mercury Vapours
  1668 | D:2      | Found Eruliyne's Distillery.
  1700 | D:2      | Found Jaeck's Book Shoppe.
  1760 | D:3      | Noticed Grinder
  1761 | D:3      | Found an ornate altar of the Wu Jian Council.
  1764 | D:3      | Paralysed by Grinder for 2 turns
  2053 | D:3      | Noticed Jessica
  2056 | D:3      | Killed Jessica
  2057 | D:3      | Reached skill level 5 in Spellcasting
  2057 | D:3      | Reached skill level 5 in Conjurations
  2057 | D:3      | Reached skill level 5 in Hexes
  2057 | D:3      | Reached skill level 5 in Summonings
  2057 | D:3      | Reached skill level 5 in Necromancy
  2057 | D:3      | Reached skill level 5 in Translocations
  2057 | D:3      | Reached skill level 5 in Fire Magic
  2057 | D:3      | Reached skill level 5 in Ice Magic
  2057 | D:3      | Reached skill level 5 in Air Magic
  2057 | D:3      | Reached skill level 5 in Earth Magic
  2057 | D:3      | Reached skill level 5 in Alchemy
  2404 | D:3      | Found a faded altar of an unknown god.
  2586 | D:4      | Noticed an ogre
  2586 | D:4      | Found a snail-covered altar of Cheibriados.
  2787 | D:3      | Killed Grinder
  2788 | D:3      | Reached XP level 6. HP: 33/40 MP: 0/0
  2788 | D:3      | Reached XP level 7. HP: 37/45 MP: 0/0
  2788 | D:3      | Learned a level 3 spell: Passwall
  3980 | D:4      | Reached XP level 8. HP: 38/50 MP: 0/0
  4084 | D:5      | Entered Level 5 of the Dungeon
  4736 | D:5      | Found a staircase to the Ecumenical Temple.
  5052 | Temple   | Entered the Ecumenical Temple
  5551 | D:6      | Found Qavvo's Magic Scroll Shop.
  5557 | D:6      | Reached XP level 9. HP: 46/55 MP: 0/0
  5557 | D:6      | Learned a level 3 spell: Inner Flame
  5606 | D:6      | Reached skill level 2 in Fighting
  5782 | D:6      | Reached skill level 3 in Fighting
  6241 | D:7      | Reached skill level 4 in Fighting
  6522 | D:7      | Found a shadowy altar of Dithmenos.
  6564 | D:7      | Reached skill level 5 in Fighting
  6676 | D:7      | Noticed a +0 spear
  6676 | D:7      | Noticed a +0 short sword
  6677 | D:7      | Noticed a +0 dagger
  6677 | D:7      | Noticed a +0 spear
  6677 | D:7      | Noticed a +0 short sword
  6677 | D:7      | Noticed a +0 falchion
  6678 | D:7      | Noticed a +0 falchion
  6678 | D:7      | Noticed a +0 dagger
  6679 | D:7      | Found a hide-covered altar of Uskayaw.
  7046 | D:8      | Found a bloodstained altar of Trog.
  7071 | D:8      | Found a basalt altar of Yredelemnul.
  7112 | D:8      | Found a burning altar of Makhleb.
  7120 | D:8      | Became a worshipper of Makhleb the Destroyer
  7185 | D:8      | Reached skill level 6 in Fighting
  7278 | D:8      | Reached skill level 7 in Fighting
  7278 | D:8      | Reached XP level 10. HP: 51/76 MP: 0/0
  7279 | D:8      | Reached skill level 8 in Fighting
  7421 | D:8      | Found an opulent altar of Gozag.
  7457 | D:8      | Found a sacrificial altar of Ru.
  7726 | D:9      | Found a staircase to the Orcish Mines.
  7756 | D:9      | Reached skill level 1 in Armour
  7848 | D:9      | Found an iron altar of Okawaru.
  8472 | D:9      | Reached skill level 5 in Dodging
  8604 | D:9      | Identified the +1 robe of the Arcane {rC+ Int+3}
  8997 | D:10     | Entered Level 10 of the Dungeon
  9069 | D:10     | Noticed a two-headed ogre
  9079 | D:10     | Killed a two-headed ogre
  9245 | D:10     | Identified the +4 ring mail "Byff" {rF+ Dex+3 SInv}
  9311 | D:10     | Found a glowing golden altar of the Shining One.
  9338 | D:10     | Found a white marble altar of Elyvilon.
  9401 | D:10     | Reached * piety under Makhleb
  9484 | D:10     | Reached XP level 11. HP: 47/82 MP: 0/0
  9484 | D:10     | Learned a level 4 spell: Olgreb's Toxic Radiance
  9868 | D:10     | Found a blossoming altar of Fedhas.
  9998 | D:10     | Identified a scroll of acquirement
  9998 | D:10     | Acquired the +0 cloak "Acuip" {rElec MP+9}
 10026 | D:11     | Found a portal to a secret trove of treasure.
 10043 | D:11     | Noticed a two-headed ogre
 10053 | D:11     | Killed a two-headed ogre
 10054 | D:11     | Reached skill level 9 in Fighting
 10170 | D:11     | Noticed a two-headed ogre
 10181 | D:11     | Killed a two-headed ogre
 10182 | D:11     | Reached skill level 5 in Armour
 10182 | D:11     | Reached skill level 5 in Stealth
 10455 | D:11     | Noticed a cyclops
 10460 | D:11     | Noticed Josephine
 10469 | D:11     | HP: 2/80 [Josephine/ghostly fireball (21)]
 10472 | D:11     | Killed from afar by Josephine

Illustrated notes

Levels and vault maps discovered:
D:1:      spicycebolla_arrival_risky_transporter, layout_basic
D:2:      layout_rooms, serial_shops, shop, shop,
          nicolae_shop_tiny_real_fake_doors, shop, uniq_terence
D:3:      layout_loops_ring, nicolae_wu_jian_wuxing_cycle,
          basic_ecumenical_altar, hangedman_abyss_or_decor_stabs, uniq_jessica,
          uniq_grinder
D:4:      layout_basic, kennysheep_orc_sif_temple, cheibriados_altar_1,
          kennysheep_pointless_box
D:5:      layout_gridville, temple_pool_b, chequers_serial_rivers_small_3
D:6:      layout_rooms, serial_shops, nicolae_shop_stone, chequers_garden
D:7:      layout_basic, overflow_temple_1_default, nicolae_uskayaw_en_pointe,
          serial_rivers, chequers_serial_rivers_small_3,
          chequers_serial_rivers_room_b, chequers_serial_rivers_large_a,
          chequers_serial_rivers_marsh
D:8:      layout_rooms, nicolae_gozag_seed_capital,
          mainiacjoe_overflow_brackets, lemuel_coloured_pillars_altar,
          mainiacjoe_overflow_large_starburst,
          mainiacjoe_overflow_concentric_impassable
D:9:      layout_irregular_city, kennysheep_okawaru_gauntlet, orc_0_dummy,
          nicolae_kite_square_tiling_tiny
D:10:     layout_roguey, grunt_temple_overflow_growth_and_decay,
          mainiacjoe_overflow_two_lobes, kennysheep_generic_room_6
D:11:     layout_roguey, grunt_lair_entry_orc_guard_hut, enter_trove_2,
          nrook_mini_backslash, uniq_josephine
Temple:   nicolae_temple_bog_church

Skill      XL: |  1  2  3  4  5  6  7  8  9 10 11 |
---------------+----------------------------------+-----
Stealth        | 2 4 5 |  5.2
Spellcasting   | 4 5 6 8 |  8.3
Conjurations   | 4 5 6 8 |  8.3
Hexes          | 4 5 6 8 |  8.3
Summonings     | 4 5 6 8 |  8.3
Necromancy     | 4 5 6 8 |  8.3
Translocations | 4 5 6 8 |  8.3
Fire Magic     | 4 5 6 8 |  8.3
Ice Magic      | 4 5 6 8 |  8.3
Air Magic      | 4 5 6 8 |  8.3
Earth Magic    | 4 5 6 8 |  8.3
Alchemy        | 4 5 6 8 |  8.3
Shields        | 2 4 |  4.1
Fighting       | 7 8 9 |  9.3
Armour         | 4 5 |  5.1
Dodging        | 5 6 |  6.4

Action                     |  1- 3 |  4- 6 |  7- 9 | 10-12 || total
---------------------------+-------+-------+-------+-------++-------
  Melee: Unarmed           |       |       |     1 |       ||     1
   Cast: Magic Dart        |    56 |    68 |   194 |    72 ||   390
         Searing Ray       |     1 |     3 |       |       ||     4
         Sandblast         |       |     5 |    19 |     2 ||    26
         Iskenderun's Myst |       |       |    31 |    61 ||    92
         Fulminant Prism   |       |       |     9 |    21 ||    30
    Use: Scroll            |       |       |       |    16 ||    16
         Potion            |       |       |       |     1 ||     1
 Armour: Robe              |     4 |    14 |    29 |     3 ||    50
         Acid dragon scale |       |       |       |     6 ||     6
         Ring mail         |       |       |       |     8 ||     8
  Dodge: Dodged            |     4 |     7 |    28 |    12 ||    51
  Block: Buckler           |       |       |    12 |     7 ||    19

Table legend: (Time is in decaauts)
 A = Elapsed time spent in this place.
 B = Non-inter-level travel time spent in this place.
 C = Inter-level travel time spent in this place.
 D = Time resting spent in this place.
 E = Time spent auto-exploring this place.
 F = Levels seen in this place.
 G = Mean time per level.
                   A        B        C        D        E       F      G
               +--------+--------+--------+--------+--------+-----+--------+
         Total |  10482 |  10239 |    243 |      0 |   8802 |  12 |  873.5 |
       Dungeon |  10480 |  10239 |    241 |      0 |   8802 |  11 |  952.7 |
        Temple |      1 |      0 |      1 |      0 |      0 |   1 |    1.0 |
               +--------+--------+--------+--------+--------+-----+--------+

Top non-repeatable levels by time:
     D:4: 1280 daAuts
     D:9: 1274 daAuts
    D:10: 1024 daAuts
     D:6: 1010 daAuts
     D:5: 991 daAuts
     D:1: 989 daAuts
     D:3: 926 daAuts
     D:2: 899 daAuts
     D:7: 873 daAuts
     D:8: 762 daAuts
    D:11: 449 daAuts
  Temple: 1 daAuts
